 Dungeon Crawl Stone Soup version 0.28.0-49-g6dfe1f597d (webtiles) character file.

Game seed: 9423859585931401304

25 Kniotic the Insei (level 2, -3/21 HPs)
             Began as a Demonspawn Transmuter on May 11, 2022.
             Slain by a goblin
             ... wielding a +0 club
             ... led by Robin
              (4 damage)
             ... on level 2 of the Dungeon.
             The game lasted 00:00:45 (970 turns).

Kniotic the Insei (Demonspawn Transmuter)            Turns: 970, Time: 00:00:45

Health: -3/21      AC:  2    Str: 10    XL:     2   Next: 82%
Magic:  5/5        EV: 12    Int: 14    God:
Gold:   20         SH:  0    Dex: 13    Spells: 4/5 levels left

rFire   . . .      SeeInvis .     - Unarmed
rCold   . . .      Faith    .   (no shield)
rNeg    . . .      Spirit   .   a - +0 robe
rPois   .          Reflect  .   (no helmet)
rElec   .          Harm     .   (no cloak)
rCorr   .          Rampage  .   (no gloves)
Will    .....                   (no boots)
Stlth   +.........              (no amulet)
HPRegen 0.07/turn               (no ring)
MPRegen 0.09/turn               (no ring)

@: no status effects
A: powered by death 1
a: no special abilities


You were on level 2 of the Dungeon.
You visited 1 branch of the dungeon, and saw 2 of its levels.

You collected 20 gold pieces.

Inventory:

Armour
 a - a +0 robe (worn)
Scrolls
 c - a scroll of teleportation {unknown}
Potions
 b - a potion of degeneration {unknown}


   Skills:
 - Level 1.0 Fighting
 - Level 1.7 Dodging
 * Level 3.4 Unarmed Combat
 - Level 2.0 Spellcasting
 + Level 2.2 Transmutations


You had 4 spell levels left.
You knew the following spells:

 Your Spells              Type           Power      Damage    Failure   Level
a - Beastly Appendage     Tmut           14%        N/A       10%         1

Your spell library contained the following spells:

 Spells                   Type           Power      Damage    Failure   Level
 Wereblood                Tmut           7%         N/A       14%         2
 Spider Form              Tmut/Pois      4%         N/A       41%         3
 Ice Form                 Ice/Tmut       4%         N/A       83%         4


Dungeon Overview and Level Annotations

Branches:
Dungeon (2/15)

Altars:

Annotations:
D:2 Robin


Innate Abilities, Weirdness & Mutations

You regenerate a little health from kills.


Message History

You are too injured to fight recklessly!
You are too injured to fight recklessly!
You are too injured to fight recklessly!
You are too injured to fight recklessly!
You are too injured to fight recklessly!
You are too injured to fight recklessly!
You are too injured to fight recklessly!
You are too injured to fight recklessly!
You are too injured to fight recklessly!
You are too injured to fight recklessly!
You are too injured to fight recklessly!
You are too injured to fight recklessly!
You barely miss the kobold.
The kobold is heavily wounded.
The kobold barely misses you.
You barely miss the kobold. Your punch misses the kobold.
The kobold is heavily wounded.
The kobold hits you but does no damage. The kobold hits you with a +0 dagger.
You hit the kobold but do no damage.
The kobold is heavily wounded.
The kobold hits you with a +0 dagger.
* * * LOW HITPOINT WARNING * * *
The kobold hits you with a +0 short sword.
* * * LOW HITPOINT WARNING * * *
You hit the kobold.
The kobold is severely wounded.
There is an open door here.
The kobold hits you but does no damage.
The kobold throws a stone.
The stone closely misses you.
There is a stone staircase leading down here.
A kobold is nearby!
The kobold throws a stone.
The stone barely misses you.
You climb downwards.
Robin shouts!
The goblin shouts! x5; You hear a shout!
There is a stone staircase leading up here.
The goblin shouts!
The hobgoblin barely misses you. The goblin hits you with a +0 dagger.
* * * LOW HITPOINT WARNING * * *
The goblin hits you with a +0 club.
You die...

+# .# ###.#
...##
##.g.##
#g@...#
#gg...#
#ggg....#
ggggg##.....
.####.#
##### # #.#
..# ###


You could see Robin, 2 hobgoblins and 9 goblins.

Vanquished Creatures
  A gnoll (D:1)
  2 bats (D:1)
  A giant cockroach (D:1)
  3 goblins (D:1)
  2 hobgoblins (D:1)
  A quokka (D:1)
  2 ball pythons (D:1)
  2 rats (D:1)
14 creatures vanquished.

Notes
Turn   | Place    | Note
-------+----------+-------------------------------------------
     0 | D:1      | Kniotic the Demonspawn Transmuter began the quest for the
                  | Orb.
     0 | D:1      | Reached XP level 1. HP: 15/15 MP: 3/3
    38 | D:1      | Reached skill level 3 in Unarmed Combat
    38 | D:1      | Gained mutation: You regenerate a little health from kills.
                  | [demonic ancestry]
    38 | D:1      | Reached XP level 2. HP: 13/21 MP: 1/5
   969 | D:2      | Identified the +2 helmet of Cufis {rElec rCorr Str+2 Int+4}
   969 | D:2      | Noticed Robin
   970 | D:2      | HP: 1/21 [goblin/+0 dagger[Robin] (2)]
   970 | D:2      | Slain by a goblin

Illustrated notes

Levels and vault maps discovered:
D:1:      lightli_iron_boxes, layout_basic, minmay_misc_feat_columns
D:2:      layout_loops_corners, minmay_misc_feat_chi, uniq_crazy_yiuf_cottage,
          uniq_robin

Skill      XL: |  1 |
---------------+----+-----
Unarmed Combat | 3 |  3.4
Transmutations | 2 |  2.2
Fighting       | |  1.0
Dodging        | |  1.7
Spellcasting   | |  2.0

Action                   || total
-------------------------++-------
Melee: Unarmed           ||    69
       Headbutt          ||     3
       Punch             ||     1
 Cast: Beastly Appendage ||     1
Armor: Robe              ||    12
Dodge: Dodged            ||    56
